 Dungeon Crawl Stone Soup version 0.29.0-4-gdea44cf6ec (webtiles) character file.

Game seed: 9067665524734722658

161635 qw the Peltast (level 17, -2/163 HPs)
             Began as a Minotaur Berserker on Sept 8, 2022.
             Was an Elder of Trog.
             Slain by an eight-headed hydra (5 damage)
             ... called by a spriggan druid
             ... on level 2 of the Swamp.
             The game lasted 00:13:07 (39165 turns).

qw the Peltast (Minotaur Berserker)                Turns: 39165, Time: 00:13:08

Health: -2/163     AC: 30    Str: 31    XL:     17   Next: 20%
Magic:  16/16      EV: 16    Int:  2    God:    Trog [****..]
Gold:   1415       SH: 29    Dex: 20    Spells: 16/16 levels left

rFire   + . .      SeeInvis +   z - +1 war axe (flame)
rCold   . . .      Faith    .   w - +1 tower shield {reflect}
rNeg    + . .      Spirit   .   r - +12 chain mail "Fele" {rN+ Slay+2 Stlth+}
rPois   +          Reflect  +   (helmet restricted)
rElec   .          Harm     .   e - +1 cloak
rCorr   +          Rampage  .   u - +1 pair of gloves of the Wasteland {+Blink rCorr Int-4 Dex+9}
Will    +....                   t - +2 pair of boots
Stlth   ..........              l - amulet of reflection
HPRegen 0.37/turn               s - ring "Jaoqakkut" {*Corrode rPois rF+ Str+2 Int+2}
MPRegen 0.15/turn               n - ring of see invisible

@: about to teleport, corroded, on berserk cooldown, slowed, very slow
A: horns 2, retaliatory headbutt
a: Renounce Religion, Evoke Blink, Berserk, Trog's Hand, Brothers in Arms


You were on level 2 of the Swamp.
You worshipped Trog.
Trog was greatly pleased with you.
You visited 5 branches of the dungeon, and saw 27 of its levels.
You visited 1 bazaar.

You collected 3484 gold pieces.
You spent 2069 gold pieces at shops.


Innate Abilities, Weirdness & Mutations

You have a pair of horns on your head.
You reflexively headbutt those who attack you in melee.


   Skills:
 + Level 18.0 Fighting
 - Level 18.0 Axes
 - Level 4.1 Throwing
 - Level 15.0 Armour
 - Level 12.0 Dodging
 - Level 20.0 Shields


You had 16 spell levels left.
You didn't know any spells.
Your spell library was empty.

Inventory:

Hand Weapons
 z - a +1 war axe of flaming (weapon)
 Y - a +6 broad axe
Missiles
 p - 6 boomerangs (quivered)
Armour
 e - a +1 cloak (worn)
 r - the +12 chain mail "Fele" (worn) {rN+ Slay+2 Stlth+}
   (You found it on level 3 of the Snake Pit)

   Slay:      It affects your accuracy & damage with ranged weapons and melee
   (+2).
   rN:        It protects you from negative energy.
   Stlth:     It makes you more stealthy.
 t - a +2 pair of boots (worn)
 u - the +1 pair of gloves of the Wasteland (worn) {+Blink rCorr Int-4 Dex+9}
   (You bought it in a shop on level 2 of the Orcish Mines)

   Int:       It affects your intelligence (-4).
   Dex:       It affects your dexterity (+9).
   +Blink:    It lets you blink.
   rCorr:     It protects you from acid and corrosion.
 w - a +1 tower shield of reflection (worn)
Jewellery
 b - a ring of fire
 i - a +4 ring of protection
 j - a ring of fire
 l - an amulet of reflection (around neck)
 n - a ring of see invisible (right hand)
 o - a +4 ring of evasion
 s - the ring "Jaoqakkut" (left hand) {*Corrode rPois rF+ Str+2 Int+2}
   (You acquired it on level 10 of the Dungeon)

   [ring of protection from fire]

   Str:       It affects your strength (+2).
   Int:       It affects your intelligence (+2).
   rF:        It protects you from fire.
   rPois:     It protects you from poison.
   *Corrode:  It may corrode you when you take damage.
 x - a ring of poison resistance
Wands
 k - a wand of digging (13)
Scrolls
 a - 8 scrolls of identify
 g - 2 scrolls of teleportation
Potions
 c - 8 potions of might
 d - 2 potions of heal wounds
 f - 12 potions of curing
 m - 5 potions of haste
 q - 8 potions of mutation
 v - 2 potions of resistance

Dungeon Overview and Level Annotations

Branches:
Dungeon (15/15)            Temple (0/1) D:4            Lair (5/5) D:9
  Swamp (2/4) Lair:2        Snake (3/4) Lair:2        Slime (0/5) Lair:4
    Orc (2/2) D:9             Elf (0/3) Orc:2        Vaults (0/5) D:13
 Depths (0/4) D:15

Altars:
Cheibriados
Hepliaklqana
Makhleb
Nemelex Xobeh
Trog
Uskayaw
Vehumet
Wu Jian
Xom
Yredelemnul
Zin
The Shining One
Jiyva

Shops:
D:3 :   D:4 :?[   D:6 *(=(   D:7 *   D:11 =   Orc:2 *[(!   Snake:2 (

Portals:
Trove: D:12 (give 7 potions of haste)

Annotations:
D:10 3 transporters


Message History

You enter the shallow water.
Moving in this stuff is going to be slow.
You block the goliath frog's attack.
Things that are here:
a swamp worm corpse; a bog body corpse You slice the goliath frog!!
You headbutt the goliath frog!
You kill the goliath frog!
Trog accepts your kill.
You are no longer berserk.
You are exhausted.
You feel as though you will be slow longer.
The goliath frog hits you!!
You are splashed with acid.
You resist.
The goliath frog hits you but does no damage.
39163 ||| SWAPPING to +1 war axe of flaming.
Your +1 war axe of flaming bursts into flame!
z - a +1 war axe of flaming (weapon)
You block the goliath frog's attack.
Your unstable footing causes you to fumble your attack.
The goliath frog hits you.
You are splashed with acid.
You resist.
39165 ||| READING 3 scrolls of teleportation.
As you read the scroll of teleportation, it crumbles to dust.
You feel strangely unstable. You block the goliath frog's attack.
You block the eight-headed hydra's attack.
The eight-headed hydra barely misses you.
The eight-headed hydra bites you.
You block the eight-headed hydra's attack.
The eight-headed hydra bites you but does no damage.
The eight-headed hydra bites you!
Your corrosive artefact corrodes you!
The eight-headed hydra bites you!
The eight-headed hydra completely misses you.
You block the goliath frog's attack. The eight-headed hydra misses you.
You furiously retaliate!
You headbutt the eight-headed hydra.
The eight-headed hydra bites you but does no damage.
The eight-headed hydra barely misses you.
The eight-headed hydra bites you but does no damage.
You block the eight-headed hydra's attack.
The eight-headed hydra closely misses you.
The eight-headed hydra bites you.
You die... 7

~. 7.~7~~. 7 7.~~
~~~~7~~~~~77 7 ~.~~7
777~.~~.~~7~~.7 7
~~~..77.~¤.7~~..~¤~¤7 7
.~~~...~~¤~..~~~~~~.7 7
..~.~..:~.....~.~~~.77 77
#.$.~.~..F~.~.~~¤~~..7 7.
#....[~@~¤~7.~~~~~~.777.
#....)D%<~.7.~~~~7~.77.~
..#..~D..%~~..~~7~%~.7~.~
#...)7.~~~~.~~7..~.7~~.
.......77.(.~~.~..~7..~.7
.##.$.7 777>7~~~~~~7~~~.7
#..77 7..7.¤~~~77~~.7
#./7 77...~~~~7~!~77 ..7
7...~~~~~~.77


You could see 2 eight-headed hydras and a goliath frog (strong).

Vanquished Creatures
  Rupert (D:13)
  Mlioglotl (Swamp:2)
  Donald (Swamp:1)
  2 nagarajas
  An ironbound preserver (D:13)
  Nessos (Orc:2)
  3 bunyips
  2 eleionomae (Swamp:1)
  Azrael (D:15)
  Josephine (Lair:4)
  A great orb of eyes (D:14)
  3 boulder beetles
  2 salamander tyrants
  8 hydras
  A rakshasa (D:15)
  3 ghost crabs (Swamp:1)
  6 two-headed ogres
  10 centaur warriors
  10 naga warriors
  3 anacondas
  A catoblepas (D:13)
  4 tengu warriors
  2 alligators (Swamp:1)
  7 naga sharpshooters
  3 orc high priests (Orc:2)
  3 shock serpents
  5 spriggans
  2 salamander mystics
  2 skeletal warriors (D:15)
  A spark wasp zombie (D:15)
  2 swamp dragons
  A bog body (Swamp:2)
  A goliath frog (Swamp:2)
  2 naga ritualists
  3 spriggan druids
  A phantasmal warrior (D:15)
  A tengu zombie (D:15)
  Pikel (D:5)
  2 lindwurms
  4 orc sorcerers (Orc:2)
  2 oklob plants (Lair:2)
  4 orc knights
  3 deep elf pyromancers
  4 mana vipers
  A necromancer (D:15)
  17 ugly things
  A fire giant zombie (D:15)
  A wolf spider (Lair:5)
  4 manticores
  A frost giant zombie (D:15)
  3 cyclopes
  4 elephants (Lair:3)
  12 salamanders
  Maurice (D:8)
  49 black mambas
  13 cane toads
  3 guardian serpents
  12 naga magi
  2 torpor snails (Lair:5)
  4 kobold demonologists
  4 rime drakes
  4 yaktaurs (D:15)
  Maggie (D:9)
  3 efreet
  An unseen horror (D:11)
  7 komodo dragons
  2 tengu conjurers
  10 polar bears
  5 trolls
  7 hornets
  3 tyrant leeches (Swamp:1)
  4 dream sheep (Lair:5)
  A snapping turtle (shapeshifter) (D:15)
  6 slime creatures (D:13)
  A raiju (Lair:5)
  A centaur simulacrum (D:14)
  2 shadows
  4 wraiths
  10 wyverns
  2 hogs (D:13)
  37 yaks
  A human (shapeshifter) (D:14)
  5 basilisks
  4 fire elementals (D:15)
  Grum (D:9)
  2 steam dragons (D:9)
  3 vampire mosquitoes
  2 redbacks (Lair:5)
  Menkaure (D:7)
  8 wargs
  39 nagas
  5 acid dragons
  6 swamp worms
  15 water moccasins
  18 hell hounds
  12 orc warriors
  2 swamp drakes
  3 sky beasts
  2 ice beasts
  12 black bears
  2 ogres
  34 wolves
  11 centaurs
  8 kobold brigands
  7 bullfrogs
  An earth elemental (Swamp:1)
  3 scorpions
  A necrophage (D:5)
  3 gnoll sergeants
  An elf skeleton (D:5)
  10 killer bees (D:10)
  3 electric eels
  10 howler monkeys
  4 hounds (D:5)
  13 jellies
  10 orc priests
  A human zombie (D:5)
  3 iguanas
  Natasha (thrice) (D:2)
  13 hell rats
  A human skeleton (D:5)
  9 orc wizards
  A human simulacrum (D:11)
  11 gnolls
  6 adders
  A white imp (D:8)
  2 worms (D:3)
  5 dart slugs
  34 orcs
  8 bats
  7 endoplasms
  3 giant cockroaches
  14 goblins
  5 hobgoblins
  2 jackals (D:4)
  26 kobolds
  3 quokkas
  9 ball pythons
  4 frilled lizards
  2 orc skeletons (D:5)
  An orc zombie (D:5)
  5 rats (D:1)
806 creatures vanquished.

Vanquished Creatures (collateral kills)
  Kirke (D:13)
  5 hydras
  A cane toad (Lair:5)
  A troll (D:13)
  2 wyverns (Lair:5)
  3 hogs (D:13)
  An acid dragon (D:14)
  A warg (Lair:5)
  2 water moccasins (Lair:5)
  A centaur (D:13)
18 creatures vanquished.

Vanquished Creatures (others)
  A naga warrior (Snake:2)
  A naga sharpshooter (Snake:2)
  A salamander (Snake:2)
  A bloated husk (Swamp:1)
  2 humans (D:13)
  A naga (Lair:2)
  A human simulacrum (D:11)
  33 fungi
  56 plants
  8 withered plants (D:15)
105 creatures vanquished.

Grand Total: 929 creatures vanquished

Notes
Turn   | Place    | Note
-------+----------+-------------------------------------------
     0 | D:1      | qw the Minotaur Berserker began the quest for the Orb.
     0 | D:1      | Reached XP level 1. HP: 19/19 MP: 0/0
     0 | D:1      | 0 ||| qw: Version: 0.1-a-112-g44dc6cd
     0 | D:1      | 0 ||| qw: Game counter: 6687
     0 | D:1      | 0 ||| qw: Always use a shield: true
     0 | D:1      | 0 ||| qw: Do Orc after D:15 true
     0 | D:1      | 0 ||| qw: Do second Lair branch before Depths: true
     0 | D:1      | 0 ||| qw: Lair rune preference: random
     0 | D:1      | 0 ||| qw: Plans: Normal
     0 | D:1      | 0 ||| PLANNING D:1-11
   186 | D:1      | Reached XP level 2. HP: 26/26 MP: 1/1
   268 | D:1      | Found a faded altar of an unknown god.
   651 | D:1      | 651 ||| Stepping ~*~*~tactically~*~*~ (hiding).
   758 | D:1      | Reached XP level 3. HP: 31/31 MP: 2/2
  1132 | D:1      | Reached ** piety under Trog
  1224 | D:1      | 1224 ||| UPGRADING to +0 leather armour.
  1234 | D:1      | 1234 ||| DROPPING +0 animal skin.
  1235 | D:1      | 1235 ||| UPGRADING to ring of protection from cold.
  1236 | D:1      | 1236 ||| UPGRADING to ring of see invisible.
  1237 | D:1      | 1237 ||| READING 4 scrolls labelled KEWNOC OKYNEA.
  1238 | D:1      | 1238 ||| READING 3 scrolls labelled RORAIB QETUHET.
  1239 | D:1      | 1239 ||| READING 2 scrolls labelled SULALUASEV.
  1242 | D:1      | 1242 ||| READING scroll labelled ODIYNU YSERU.
  1243 | D:1      | 1243 ||| READING scroll labelled UMAACI TECVIXE.
  1244 | D:1      | 1244 ||| READING scroll labelled KEBBIP QURI.
  1345 | D:1      | 1345 ||| READING scroll labelled REGY RIARPHIUKK.
  1346 | D:1      | 1346 ||| DRINKING 2 fizzy puce potions.
  1347 | D:1      | 1347 ||| READING 3 scrolls of identify.
  1347 | D:1      | 1347 ||| IDENTIFYING golden potion
  1348 | D:1      | 1348 ||| READING 2 scrolls of identify.
  1348 | D:1      | 1348 ||| IDENTIFYING viscous amethyst potion
  1349 | D:1      | 1349 ||| DROPPING 2 scrolls of poison.
  1494 | D:2      | Noticed Natasha
  1496 | D:2      | 1496 ||| INVOKING Berserk.
  1499 | D:2      | Killed Natasha
  1500 | D:2      | Reached skill level 6 in Axes
  1500 | D:2      | Reached XP level 4. HP: 39/39 MP: 3/3
  1520 | D:2      | 1520 ||| Stepping ~*~*~tactically~*~*~ (stealth).
  1699 | D:2      | 1699 ||| Stepping ~*~*~tactically~*~*~ (stealth).
  1716 | D:2      | 1716 ||| DROPPING +0 whip.
  1861 | D:2      | 1861 ||| Stepping ~*~*~tactically~*~*~ (stealth).
  1862 | D:2      | Noticed Natasha
  1866 | D:2      | 1866 ||| INVOKING Berserk.
  1868 | D:2      | Killed Natasha
  2163 | D:2      | Noticed Natasha
  2164 | D:2      | 2164 ||| Stepping ~*~*~tactically~*~*~ (hiding).
  2165 | D:2      | 2165 ||| Stepping ~*~*~tactically~*~*~ (hiding).
  2166 | D:2      | 2166 ||| Stepping ~*~*~tactically~*~*~ (hiding).
  2167 | D:2      | 2167 ||| Stepping ~*~*~tactically~*~*~ (hiding).
  2171 | D:2      | 2171 ||| INVOKING Berserk.
  2173 | D:2      | Killed Natasha
  2338 | D:2      | 2338 ||| UPGRADING to +0 chain mail.
  2348 | D:2      | 2348 ||| DROPPING +0 leather armour.
  2349 | D:2      | 2349 ||| UPGRADING to amulet of reflection.
  2354 | D:2      | 2354 ||| READING scroll labelled MOIGAIRUKO.
  2355 | D:2      | 2355 ||| DRINKING 2 pink potions.
  2459 | D:3      | 2459 ||| Stepping ~*~*~tactically~*~*~ (stealth).
  2532 | D:3      | Reached XP level 5. HP: 44/45 MP: 4/4
  2912 | D:3      | Found Lotunaih's Book Emporium.
  3015 | D:3      | 3015 ||| Stepping ~*~*~tactically~*~*~ (stealth).
  3018 | D:3      | 3018 ||| Stepping ~*~*~tactically~*~*~ (hiding).
  3499 | D:3      | 3499 ||| READING scroll labelled WONOXU SYTZE.
  3500 | D:3      | 3500 ||| READING 2 scrolls of identify.
  3500 | D:3      | 3500 ||| IDENTIFYING amethyst potion
  3775 | D:4      | 3775 ||| Stepping ~*~*~tactically~*~*~ (stealth).
  3776 | D:4      | 3776 ||| Stepping ~*~*~tactically~*~*~ (stealth).
  3778 | D:4      | 3778 ||| Stepping ~*~*~tactically~*~*~ (stealth).
  3784 | D:4      | 3784 ||| INVOKING Berserk.
  3879 | D:4      | 3879 ||| Stepping ~*~*~tactically~*~*~ (stealth).
  3880 | D:4      | 3880 ||| Stepping ~*~*~tactically~*~*~ (stealth).
  3882 | D:4      | 3882 ||| Stepping ~*~*~tactically~*~*~ (hiding).
  4119 | D:4      | 4119 ||| Stepping ~*~*~tactically~*~*~ (stealth).
  4172 | D:4      | Found Laf Suah's Magic Scroll Emporium.
  4183 | D:4      | 4183 ||| SHOPLISTING 2 scrolls of enchant weapon (180 gold,
                  | have 86).
  4183 | D:4      | 4183 ||| SHOPLISTING scroll of enchant weapon (90 gold,
                  | have 86).
  4183 | D:4      | 4183 ||| BUYING scroll of identify (24 gold).
  4183 | D:4      | Bought a scroll of identify for 24 gold pieces
  4183 | D:4      | 4183 ||| BUYING scroll of identify (24 gold).
  4183 | D:4      | Bought a scroll of identify for 24 gold pieces
  4183 | D:4      | 4183 ||| BUYING scroll of identify (24 gold).
  4183 | D:4      | Bought a scroll of identify for 24 gold pieces
  4195 | D:4      | Found Owoett's Book Emporium.
  4238 | D:4      | Found a staircase to the Ecumenical Temple.
  4364 | D:4      | 4364 ||| Stepping ~*~*~tactically~*~*~ (stealth).
  4365 | D:4      | 4365 ||| Stepping ~*~*~tactically~*~*~ (stealth).
  4367 | D:4      | 4367 ||| Stepping ~*~*~tactically~*~*~ (stealth).
  4369 | D:4      | 4369 ||| Stepping ~*~*~tactically~*~*~ (stealth).
  4375 | D:4      | 4375 ||| Stepping ~*~*~tactically~*~*~ (stealth).
  4382 | D:4      | Found Felee's Armour Emporium.
  4392 | D:4      | 4392 ||| SHOPLISTING +0 plate armour "Nobunaitt" {Harm
                  | Rampage Will- Stlth+} (286 gold, have 41).
  4392 | D:4      | 4392 ||| SHOPLISTING +2 ring mail of Cynicism {rPois Str-2
                  | Dex+6 Stlth+} (364 gold, have 41).
  4392 | D:4      | 4392 ||| SHOPLISTING +6 scale mail "Olyptol" {rPois rC-
                  | Will+++ Int-3} (599 gold, have 41).
  4407 | D:4      | 4407 ||| Stepping ~*~*~tactically~*~*~ (stealth).
  4577 | D:4      | 4577 ||| DROPPING +6 ring of intelligence.
  4578 | D:4      | 4578 ||| DRINKING 2 green potions.
  4579 | D:4      | 4579 ||| READING 5 scrolls of identify.
  4579 | D:4      | 4579 ||| IDENTIFYING viscous yellow potion
  4580 | D:4      | 4580 ||| DROPPING potion of degeneration.
  4605 | D:5      | Entered Level 5 of the Dungeon
  4606 | D:5      | 4606 ||| PLANNING OSSUARY
  4607 | D:5      | 4607 ||| Stepping ~*~*~tactically~*~*~ (stealth).
  4614 | D:5      | Reached XP level 6. HP: 38/52 MP: 5/5
  4731 | D:5      | 4731 ||| INVOKING Berserk.
  4735 | D:5      | Reached skill level 9 in Axes
  4742 | D:5      | 4742 ||| Stepping ~*~*~tactically~*~*~ (stealth).
  4743 | D:5      | 4743 ||| Stepping ~*~*~tactically~*~*~ (stealth).
  4752 | D:5      | Reached XP level 7. HP: 58/60 MP: 6/6
  4752 | D:5      | 4752 ||| FLEEEEING.
  4761 | D:5      | 4761 ||| STAIRDANCE
  4884 | D:5      | 4884 ||| Stepping ~*~*~tactically~*~*~ (stealth).
  4888 | D:5      | 4888 ||| INVOKING Berserk.
  4984 | D:5      | Noticed Pikel
  4985 | D:5      | 4985 ||| Stepping ~*~*~tactically~*~*~ (stealth).
  4999 | D:5      | 4999 ||| INVOKING Berserk.
  5004 | D:5      | Killed Pikel
  5005 | D:5      | Reached skill level 6 in Armour
  5005 | D:5      | Reached XP level 8. HP: 69/69 MP: 7/7
  5131 | D:5      | Found a glowing golden altar of the Shining One.
  5197 | D:5      | Found a hide-covered altar of Uskayaw.
  5233 | D:5      | 5233 ||| RIP OSSUARY
  5235 | D:5      | 5235 ||| PLANNING D:1-11
  5235 | D:5      | 5235 ||| Stepping ~*~*~tactically~*~*~ (stealth).
  5518 | D:5      | 5518 ||| READING 6 scrolls of identify.
  5518 | D:5      | 5518 ||| IDENTIFYING fizzy emerald potion
  5519 | D:5      | 5519 ||| DROPPING potion of lignification.
  5560 | D:6      | 5560 ||| Stepping ~*~*~tactically~*~*~ (stealth).
  5578 | D:6      | Reached skill level 6 in Fighting
  5645 | D:6      | Found Poirr's Assorted Antiques.
  5668 | D:6      | 5668 ||| SHOPLISTING heavily runed plate armour (560 gold,
                  | have 93).
  5668 | D:6      | 5668 ||| SHOPLISTING potion of haste (200 gold, have 93).
  5668 | D:6      | 5668 ||| BUYING scroll labelled IVOYPN UHOLLO (20 gold).
  5668 | D:6      | Bought a scroll labelled IVOYPN UHOLLO for 20 gold pieces
  5668 | D:6      | 5668 ||| BUYING scroll labelled NULEMEPHAS (20 gold).
  5668 | D:6      | Bought a scroll labelled NULEMEPHAS for 20 gold pieces
  5668 | D:6      | 5668 ||| BUYING scroll of identify (40 gold).
  5668 | D:6      | Bought a scroll of identify for 40 gold pieces
  5780 | D:6      | Found Iboxumea's Weapon Emporium.
  5786 | D:6      | Reached *** piety under Trog
  5829 | D:6      | 5829 ||| SHOPLISTING +0 war axe (38 gold, have 33).
  5829 | D:6      | 5829 ||| SHOPLISTING +8 hand axe of the Little People
                  | {freeze, Int+4} (668 gold, have 33).
  5861 | D:6      | Found Heoth's Jewellery Boutique.
  5868 | D:6      | 5868 ||| SHOPLISTING +4 ring of evasion (432 gold, have
                  | 33).
  5868 | D:6      | 5868 ||| SHOPLISTING +6 ring of dexterity (432 gold, have
                  | 33).
  5868 | D:6      | 5868 ||| SHOPLISTING +6 ring of strength (432 gold, have
                  | 33).
  5868 | D:6      | 5868 ||| SHOPLISTING ring of poison resistance (240 gold,
                  | have 33).
  5868 | D:6      | 5868 ||| SHOPLISTING ring of protection from fire (300
                  | gold, have 33).
  5868 | D:6      | 5868 ||| SHOPLISTING ring of willpower (300 gold, have 33).
  5891 | D:6      | Found Zogadgh's Antique Weapon Boutique.
  5899 | D:6      | 5899 ||| SHOPLISTING war axe (87 gold, have 33).
  6233 | D:6      | 6233 ||| DROPPING amulet of the acrobat.
  6234 | D:6      | 6234 ||| READING scroll labelled IVOYPN UHOLLO.
  6235 | D:6      | 6235 ||| READING scroll labelled NULEMEPHAS.
  6293 | D:5      | Found a basalt altar of Yredelemnul.
  6458 | D:7      | Found Otsak's Overcharged Wands.
  6479 | D:7      | 6479 ||| FLEEEEING.
  6550 | D:7      | 6550 ||| INVOKING Berserk.
  6558 | D:7      | HP: 21/105 [electric eel/bolt of electricity (8)]
  6562 | D:7      | Noticed a kobold demonologist
  6566 | D:7      | Noticed a kobold demonologist
  6567 | D:7      | Noticed an orange demon
  6572 | D:7      | 6572 ||| READING 5 scrolls of teleportation.
  6572 | D:7      | Noticed a kobold demonologist
  6573 | D:7      | 6573 ||| DRINKING 2 potions of heal wounds.
  6734 | D:7      | Noticed an ice devil
  6734 | D:7      | Killed a kobold demonologist
  6735 | D:7      | Reached skill level 12 in Axes
  6735 | D:7      | Reached XP level 9. HP: 70/75 MP: 8/8
  6735 | D:7      | Noticed an ice devil
  6743 | D:7      | Noticed a rust devil
  6744 | D:7      | Killed a kobold demonologist
  6746 | D:7      | 6746 ||| INVOKING Berserk.
  6749 | D:7      | Killed a kobold demonologist
  7112 | D:7      | 7112 ||| Stepping ~*~*~tactically~*~*~ (hiding).
  7121 | D:7      | 7121 ||| Stepping ~*~*~tactically~*~*~ (stealth).
  7146 | D:7      | Found a shimmering altar of Xom.
  7154 | D:7      | 7154 ||| INVOKING Berserk.
  7388 | D:7      | Noticed Menkaure
  7389 | D:7      | 7389 ||| Stepping ~*~*~tactically~*~*~ (hiding).
  7395 | D:7      | 7395 ||| INVOKING Berserk.
  7398 | D:7      | Killed Menkaure
  7582 | D:7      | 7582 ||| Stepping ~*~*~tactically~*~*~ (stealth).
  7916 | D:7      | 7916 ||| UPGRADING to +0 pair of boots.
  7921 | D:7      | 7921 ||| UPGRADING to ring of poison resistance.
  7923 | D:7      | 7923 ||| DROPPING ring of resist corrosion.
  7924 | D:7      | 7924 ||| READING scroll labelled FOCURE NIMMIUS.
  8093 | D:7      | 8093 ||| READING scroll labelled OPUYKHL TOSIY.
  8094 | D:7      | 8094 ||| READING 7 scrolls of identify.
  8094 | D:7      | 8094 ||| IDENTIFYING inky potion
  8095 | D:7      | 8095 ||| READING 6 scrolls of identify.
  8095 | D:7      | 8095 ||| IDENTIFYING glowing red potion
  8096 | D:7      | 8096 ||| DROPPING potion of ambrosia.
  8097 | D:7      | 8097 ||| DROPPING potion of berserk rage.
  8207 | D:8      | Found a snail-covered altar of Cheibriados.
  8222 | D:8      | 8222 ||| FLEEEEING.
  8270 | D:8      | 8270 ||| Stepping ~*~*~tactically~*~*~ (hiding).
  8328 | D:8      | 8328 ||| INVOKING Berserk.
  8342 | D:8      | 8342 ||| Stepping ~*~*~tactically~*~*~ (stealth).
  8418 | D:8      | Found a burning altar of Makhleb.
  8421 | D:8      | Noticed a green death
  8434 | D:8      | Found a glowing silver altar of Zin.
  8434 | D:8      | Noticed an angel
  8469 | D:8      | Found a flagged portal.
  8470 | D:8      | 8470 ||| Stepping ~*~*~tactically~*~*~ (hiding).
  8476 | D:8      | 8476 ||| Stepping ~*~*~tactically~*~*~ (hiding).
  8837 | D:8      | Found an ornate altar of the Wu Jian Council.
  8946 | D:8      | Noticed Maurice
  8962 | D:8      | Killed Maurice
  8963 | D:8      | Reached skill level 3 in Dodging
  9116 | D:8      | 9116 ||| UPGRADING to +0 cloak.
  9121 | D:8      | 9121 ||| READING 3 scrolls labelled IMEURIDOSH.
  9122 | D:8      | 9122 ||| READING 2 scrolls of enchant armour.
  9122 | D:8      | 9122 ||| ENCHANTING +0 pair of boots.
  9123 | D:8      | 9123 ||| READING scroll of enchant armour.
  9123 | D:8      | 9123 ||| ENCHANTING +1 pair of boots.
  9172 | D:9      | 9172 ||| Stepping ~*~*~tactically~*~*~ (hiding).
  9183 | D:9      | Reached XP level 10. HP: 75/88 MP: 9/9
  9183 | D:9      | 9183 ||| Stepping ~*~*~tactically~*~*~ (stealth).
  9186 | D:9      | Noticed a two-headed ogre
  9189 | D:9      | 9189 ||| FLEEEEING.
  9190 | D:9      | 9190 ||| FLEEEEING.
  9192 | D:9      | 9192 ||| FLEEEEING.
  9193 | D:9      | 9193 ||| FLEEEEING.
  9194 | D:9      | 9194 ||| FLEEEEING.
  9195 | D:9      | 9195 ||| FLEEEEING.
  9198 | D:9      | 9198 ||| FLEEEEING.
  9199 | D:9      | 9199 ||| STAIRDANCE
  9237 | D:9      | 9237 ||| INVOKING Berserk.
  9241 | D:9      | Killed a two-headed ogre
  9242 | D:9      | 9242 ||| STAIRDANCE
  9367 | D:9      | 9367 ||| STAIRDANCE
  9382 | D:9      | Reached skill level 9 in Fighting
  9382 | D:9      | 9382 ||| STAIRDANCE
  9491 | D:9      | Found a radiant altar of Vehumet.
  9515 | D:9      | Noticed a centaur warrior
  9516 | D:9      | 9516 ||| Stepping ~*~*~tactically~*~*~ (hiding).
  9517 | D:9      | 9517 ||| Stepping ~*~*~tactically~*~*~ (hiding).
  9528 | D:9      | Killed a centaur warrior
  9595 | D:9      | 9595 ||| Stepping ~*~*~tactically~*~*~ (stealth).
  9596 | D:9      | 9596 ||| Stepping ~*~*~tactically~*~*~ (stealth).
  9597 | D:9      | 9597 ||| Stepping ~*~*~tactically~*~*~ (stealth).
  9602 | D:9      | 9602 ||| INVOKING Berserk.
  9815 | D:9      | 9815 ||| Stepping ~*~*~tactically~*~*~ (hiding).
  9821 | D:9      | 9821 ||| INVOKING Berserk.
  9906 | D:9      | 9906 ||| SWAPPING to +2 war axe of freezing.
  9907 | D:9      | 9907 ||| DROPPING +0 hand axe.
 10177 | D:9      | Found a staircase to the Orcish Mines.
 10181 | D:9      | 10181 ||| Stepping ~*~*~tactically~*~*~ (hiding).
 10286 | D:9      | Noticed Grum
 10287 | D:9      | 10287 ||| Stepping ~*~*~tactically~*~*~ (hiding).
 10288 | D:9      | 10288 ||| Stepping ~*~*~tactically~*~*~ (hiding).
 10293 | D:9      | 10293 ||| INVOKING Berserk.
 10304 | D:9      | Killed Grum
 10402 | D:9      | Noticed Maggie
 10412 | D:9      | Killed Maggie
 10600 | D:9      | Reached skill level 15 in Axes
 10644 | D:9      | Found a sparkling altar of Nemelex Xobeh.
 10648 | D:9      | 10648 ||| Stepping ~*~*~tactically~*~*~ (cloud).
 10649 | D:9      | 10649 ||| Stepping ~*~*~tactically~*~*~ (cloud).
 10652 | D:9      | 10652 ||| INVOKING Berserk.
 10842 | D:9      | Noticed a two-headed ogre
 10845 | D:9      | 10845 ||| INVOKING Berserk.
 10849 | D:9      | Killed a two-headed ogre
 10999 | D:9      | 10999 ||| Stepping ~*~*~tactically~*~*~ (stealth).
 11002 | D:9      | Found a staircase to the Lair.
 11003 | D:9      | 11003 ||| Stepping ~*~*~tactically~*~*~ (hiding).
 11005 | D:9      | 11005 ||| Stepping ~*~*~tactically~*~*~ (hiding).
 11008 | D:9      | 11008 ||| INVOKING Berserk.
 11216 | D:9      | 11216 ||| PLANNING LAIR
 11216 | D:9      | 11216 ||| UPGRADING to +0 plate armour.
 11226 | D:9      | 11226 ||| DROPPING +0 chain mail.
 11227 | D:9      | 11227 ||| DRINKING 2 fizzy amethyst potions.
 11228 | D:9      | 11228 ||| READING 6 scrolls of identify.
 11228 | D:9      | 11228 ||| IDENTIFYING ruby potion
 11229 | D:9      | 11229 ||| READING 5 scrolls of identify.
 11229 | D:9      | 11229 ||| IDENTIFYING bubbling pink potion
 11230 | D:9      | 11230 ||| DROPPING potion of invisibility.
 11231 | D:9      | 11231 ||| DROPPING potion of magic.
 11232 | D:9      | 11232 ||| DROPPING potion of brilliance.
 11326 | Lair:1   | Entered Level 1 of the Lair of Beasts
 11334 | Lair:1   | 11334 ||| DRINKING 3 potions of cancellation.
 11337 | Lair:1   | 11337 ||| DRINKING 2 potions of cancellation.
 11410 | Lair:1   | 11410 ||| Stepping ~*~*~tactically~*~*~ (stealth).
 11414 | Lair:1   | Reached XP level 11. HP: 97/99 MP: 10/10
 11535 | Lair:1   | 11535 ||| Stepping ~*~*~tactically~*~*~ (stealth).
 11540 | Lair:1   | 11540 ||| INVOKING Berserk.
 11545 | Lair:1   | Reached skill level 9 in Armour
 11772 | Lair:1   | 11772 ||| INVOKING Berserk.
 11946 | Lair:1   | 11946 ||| INVOKING Berserk.
 12260 | Lair:1   | 12260 ||| INVOKING Berserk.
 12383 | Lair:1   | 12383 ||| Stepping ~*~*~tactically~*~*~ (stealth).
 12384 | Lair:1   | 12384 ||| Stepping ~*~*~tactically~*~*~ (stealth).
 12385 | Lair:1   | 12385 ||| Stepping ~*~*~tactically~*~*~ (stealth).
 12432 | Lair:1   | 12432 ||| Stepping ~*~*~tactically~*~*~ (stealth).
 12440 | Lair:1   | 12440 ||| INVOKING Berserk.
 12680 | Lair:1   | 12680 ||| Stepping ~*~*~tactically~*~*~ (stealth).
 12904 | Lair:1   | 12904 ||| READING scroll labelled WELAJAEF URGHUU.
 12944 | Lair:2   | 12944 ||| STAIRDANCE
 13001 | Lair:2   | 13001 ||| STAIRDANCE
 13003 | Lair:1   | 13003 ||| INVOKING Berserk.
 13010 | Lair:1   | Reached skill level 12 in Fighting
 13144 | Lair:2   | 13144 ||| STAIRDANCE
 13275 | Lair:2   | 13275 ||| STAIRDANCE
 13277 | Lair:1   | 13277 ||| INVOKING Berserk.
 13395 | Lair:2   | 13395 ||| STAIRDANCE
 13410 | Lair:2   | 13410 ||| STAIRDANCE
 13514 | Lair:2   | Reached **** piety under Trog
 13534 | Lair:2   | Noticed an oklob plant
 13535 | Lair:2   | Found a bloodstained altar of Trog.
 13540 | Lair:2   | 13540 ||| INVOKING Berserk.
 13543 | Lair:2   | Killed an oklob plant
 13669 | Lair:2   | 13669 ||| Stepping ~*~*~tactically~*~*~ (stealth).
 13710 | Lair:2   | Noticed an oklob plant
 13711 | Lair:2   | 13711 ||| FLEEEEING.
 13742 | Lair:2   | Noticed a five-headed hydra
 13743 | Lair:2   | 13743 ||| INVOKING Brothers in Arms.
 13744 | Lair:2   | 13744 ||| INVOKING Brothers in Arms.
 13745 | Lair:2   | 13745 ||| INVOKING Brothers in Arms.
 13747 | Lair:2   | 13747 ||| SWAPPING to +0 morningstar.
 13748 | Lair:2   | 13748 ||| INVOKING Berserk.
 13751 | Lair:2   | Killed a five-headed hydra
 13817 | Lair:2   | 13817 ||| SWAPPING to +3 war axe of freezing.
 13878 | Lair:2   | 13878 ||| INVOKING Berserk.
 13882 | Lair:2   | Killed an oklob plant
 14016 | Lair:2   | 14016 ||| Stepping ~*~*~tactically~*~*~ (hiding).
 14023 | Lair:2   | Reached XP level 12. HP: 114/115 MP: 11/11
 14025 | Lair:2   | Found a staircase to the Snake Pit.
 14028 | Lair:2   | You fall into a shaft and drop 2 floors!
 14045 | Lair:3   | 14045 ||| DROPPING +0 morningstar.
 14508 | Lair:2   | 14508 ||| Stepping ~*~*~tactically~*~*~ (hiding).
 14634 | Lair:2   | 14634 ||| Stepping ~*~*~tactically~*~*~ (stealth).
 14634 | Lair:2   | Noticed a boulder beetle
 14635 | Lair:2   | 14635 ||| Stepping ~*~*~tactically~*~*~ (stealth).
 14641 | Lair:2   | 14641 ||| Stepping ~*~*~tactically~*~*~ (stealth).
 14647 | Lair:2   | Reached skill level 12 in Armour
 14656 | Lair:2   | 14656 ||| Stepping ~*~*~tactically~*~*~ (stealth).
 14663 | Lair:2   | 14663 ||| INVOKING Berserk.
 14758 | Lair:2   | 14758 ||| Stepping ~*~*~tactically~*~*~ (stealth).
 14759 | Lair:2   | 14759 ||| Stepping ~*~*~tactically~*~*~ (stealth).
 14760 | Lair:2   | 14760 ||| Stepping ~*~*~tactically~*~*~ (stealth).
 14763 | Lair:2   | 14763 ||| Stepping ~*~*~tactically~*~*~ (stealth).
 14781 | Lair:2   | 14781 ||| Stepping ~*~*~tactically~*~*~ (stealth).
 14813 | Lair:2   | 14813 ||| INVOKING Berserk.
 14818 | Lair:2   | Killed a boulder beetle
 15193 | Lair:2   | 15193 ||| Stepping ~*~*~tactically~*~*~ (hiding).
 15195 | Lair:2   | 15195 ||| Stepping ~*~*~tactically~*~*~ (hiding).
 15197 | Lair:2   | 15197 ||| Stepping ~*~*~tactically~*~*~ (hiding).
 15198 | Lair:2   | 15198 ||| Stepping ~*~*~tactically~*~*~ (hiding).
 15200 | Lair:2   | 15200 ||| Stepping ~*~*~tactically~*~*~ (hiding).
 15201 | Lair:2   | 15201 ||| Stepping ~*~*~tactically~*~*~ (hiding).
 15202 | Lair:2   | 15202 ||| Stepping ~*~*~tactically~*~*~ (hiding).
 15419 | Lair:2   | Noticed a seven-headed hydra
 15420 | Lair:2   | 15420 ||| INVOKING Brothers in Arms.
 15421 | Lair:2   | Noticed a four-headed hydra
 15422 | Lair:2   | 15422 ||| SWAPPING to +2 morningstar of holy wrath.
 15423 | Lair:2   | 15423 ||| INVOKING Berserk.
 15428 | Lair:2   | Killed a seven-headed hydra
 15435 | Lair:2   | Killed a four-headed hydra
 15510 | Lair:2   | 15510 ||| FLEEEEING.
 15511 | Lair:2   | 15511 ||| SWAPPING to +3 war axe of freezing.
 15563 | Lair:2   | 15563 ||| Stepping ~*~*~tactically~*~*~ (stealth).
 15565 | Lair:2   | 15565 ||| INVOKING Berserk.
 15703 | Lair:2   | Found a staircase to the Swamp.
 15788 | Lair:2   | 15788 ||| DROPPING ring of see invisible.
 15789 | Lair:2   | 15789 ||| DROPPING +6 ring of dexterity.
 15790 | Lair:2   | 15790 ||| DROPPING ring of protection from cold.
 15829 | Lair:3   | 15829 ||| STAIRDANCE
 15913 | Lair:3   | 15913 ||| STAIRDANCE
 16171 | Lair:3   | 16171 ||| INVOKING Berserk.
 16705 | Lair:3   | 16705 ||| INVOKING Berserk.
 16709 | Lair:3   | Reached skill level 15 in Fighting
 16954 | Lair:3   | Reached skill level 6 in Dodging
 17202 | Lair:4   | 17202 ||| Stepping ~*~*~tactically~*~*~ (stealth).
 17208 | Lair:4   | 17208 ||| Stepping ~*~*~tactically~*~*~ (stealth).
 17351 | Lair:4   | 17351 ||| Stepping ~*~*~tactically~*~*~ (hiding).
 17353 | Lair:4   | 17353 ||| Stepping ~*~*~tactically~*~*~ (hiding).
 17366 | Lair:4   | 17366 ||| Stepping ~*~*~tactically~*~*~ (stealth).
 17367 | Lair:4   | Noticed a four-headed hydra
 17368 | Lair:4   | 17368 ||| INVOKING Brothers in Arms.
 17369 | Lair:4   | 17369 ||| INVOKING Brothers in Arms.
 17371 | Lair:4   | 17371 ||| SWAPPING to +2 morningstar of holy wrath.
 17372 | Lair:4   | 17372 ||| INVOKING Berserk.
 17378 | Lair:4   | Killed a four-headed hydra
 17385 | Lair:4   | 17385 ||| FLEEEEING.
 17386 | Lair:4   | 17386 ||| SWAPPING to +3 war axe of freezing.
 17456 | Lair:4   | Noticed Josephine
 17457 | Lair:4   | 17457 ||| Stepping ~*~*~tactically~*~*~ (stealth).
 17478 | Lair:4   | Killed Josephine
 17479 | Lair:4   | Reached XP level 13. HP: 66/127 MP: 12/12
 17682 | Lair:4   | Identified the +2 scale mail of Buisigo {*Slow rPois rF++
                  | MP+9}
 17835 | Lair:4   | 17835 ||| INVOKING Berserk.
 18105 | Lair:4   | Found a staircase to the Slime Pits.
 18105 | Lair:4   | Found a viscous altar of Jiyva.
 18495 | Lair:4   | 18495 ||| Stepping ~*~*~tactically~*~*~ (hiding).
 18496 | Lair:4   | 18496 ||| Stepping ~*~*~tactically~*~*~ (hiding).
 18733 | Lair:4   | 18733 ||| READING 5 scrolls of identify.
 18733 | Lair:4   | 18733 ||| IDENTIFYING bubbling coppery potion
 18734 | Lair:4   | 18734 ||| DROPPING potion of attraction.
 18765 | Lair:5   | Entered Level 5 of the Lair of Beasts
 18773 | Lair:5   | 18773 ||| STAIRDANCE
 18880 | Lair:5   | 18880 ||| Stepping ~*~*~tactically~*~*~ (hiding).
 18887 | Lair:5   | 18887 ||| INVOKING Berserk.
 18999 | Lair:5   | 18999 ||| Stepping ~*~*~tactically~*~*~ (stealth).
 19000 | Lair:5   | 19000 ||| Stepping ~*~*~tactically~*~*~ (stealth).
 19135 | Lair:5   | 19135 ||| INVOKING Berserk.
 19443 | Lair:5   | Identified the +1 leather armour of Esowet {MP+9}
 19624 | Lair:5   | 19624 ||| INVOKING Berserk.
 19778 | Lair:5   | 19778 ||| INVOKING Brothers in Arms.
 19780 | Lair:5   | 19780 ||| SWAPPING to +2 morningstar of holy wrath.
 19782 | Lair:5   | 19782 ||| INVOKING Berserk.
 19809 | Lair:5   | 19809 ||| SWAPPING to +3 war axe of freezing.
 19945 | Lair:5   | 19945 ||| INVOKING Brothers in Arms.
 19947 | Lair:5   | 19947 ||| SWAPPING to +2 morningstar of holy wrath.
 19948 | Lair:5   | 19948 ||| SWAPPING to +3 war axe of freezing.
 19963 | Lair:5   | Reached skill level 15 in Armour
 20089 | Lair:5   | 20089 ||| FLEEEEING.
 20090 | Lair:5   | 20090 ||| FLEEEEING.
 20091 | Lair:5   | 20091 ||| FLEEEEING.
 20092 | Lair:5   | 20092 ||| FLEEEEING.
 20093 | Lair:5   | 20093 ||| FLEEEEING.
 20094 | Lair:5   | 20094 ||| FLEEEEING.
 20095 | Lair:5   | 20095 ||| FLEEEEING.
 20096 | Lair:5   | 20096 ||| FLEEEEING.
 20097 | Lair:5   | 20097 ||| FLEEEEING.
 20098 | Lair:5   | 20098 ||| FLEEEEING.
 20099 | Lair:5   | 20099 ||| FLEEEEING.
 20101 | Lair:5   | 20101 ||| FLEEEEING.
 20102 | Lair:5   | 20102 ||| FLEEEEING.
 20103 | Lair:5   | 20103 ||| FLEEEEING.
 20104 | Lair:5   | 20104 ||| FLEEEEING.
 20105 | Lair:5   | 20105 ||| FLEEEEING.
 20106 | Lair:5   | 20106 ||| FLEEEEING.
 20107 | Lair:5   | 20107 ||| FLEEEEING.
 20108 | Lair:5   | 20108 ||| INVOKING Berserk.
 20403 | Lair:5   | 20403 ||| FLEEEEING.
 20404 | Lair:5   | 20404 ||| FLEEEEING.
 20405 | Lair:5   | 20405 ||| FLEEEEING.
 20406 | Lair:5   | 20406 ||| FLEEEEING.
 20407 | Lair:5   | 20407 ||| FLEEEEING.
 20412 | Lair:5   | 20412 ||| INVOKING Berserk.
 20630 | Lair:5   | 20630 ||| Stepping ~*~*~tactically~*~*~ (stealth).
 20631 | Lair:5   | 20631 ||| SWAPPING to +0 broad axe.
 20865 | Lair:5   | 20865 ||| DROPPING +3 war axe of freezing.
 20911 | Lair:5   | 20911 ||| Stepping ~*~*~tactically~*~*~ (stealth).
 20914 | Lair:5   | 20914 ||| Stepping ~*~*~tactically~*~*~ (stealth).
 20933 | Lair:5   | 20933 ||| FLEEEEING.
 20986 | Lair:5   | 20986 ||| Stepping ~*~*~tactically~*~*~ (stealth).
 20992 | Lair:5   | 20992 ||| Stepping ~*~*~tactically~*~*~ (stealth).
 20997 | Lair:5   | 20997 ||| INVOKING Berserk.
 21127 | Lair:5   | 21127 ||| Stepping ~*~*~tactically~*~*~ (stealth).
 21132 | Lair:5   | 21132 ||| INVOKING Berserk.
 21147 | Lair:5   | 21147 ||| Stepping ~*~*~tactically~*~*~ (stealth).
 21172 | Lair:5   | 21172 ||| Stepping ~*~*~tactically~*~*~ (hiding).
 21178 | Lair:5   | 21178 ||| Stepping ~*~*~tactically~*~*~ (hiding).
 21198 | Lair:5   | 21198 ||| Stepping ~*~*~tactically~*~*~ (stealth).
 21213 | Lair:5   | 21213 ||| Stepping ~*~*~tactically~*~*~ (stealth).
 21214 | Lair:5   | 21214 ||| Stepping ~*~*~tactically~*~*~ (stealth).
 21236 | Lair:5   | 21236 ||| Stepping ~*~*~tactically~*~*~ (stealth).
 21237 | Lair:5   | 21237 ||| Stepping ~*~*~tactically~*~*~ (stealth).
 21253 | Lair:5   | 21253 ||| Stepping ~*~*~tactically~*~*~ (stealth).
 21275 | Lair:5   | 21275 ||| Stepping ~*~*~tactically~*~*~ (hiding).
 21277 | Lair:5   | 21277 ||| Stepping ~*~*~tactically~*~*~ (stealth).
 21320 | Lair:5   | 21320 ||| Stepping ~*~*~tactically~*~*~ (hiding).
 21321 | Lair:5   | 21321 ||| Stepping ~*~*~tactically~*~*~ (hiding).
 21348 | Lair:5   | 21348 ||| Stepping ~*~*~tactically~*~*~ (stealth).
 21497 | Lair:5   | 21497 ||| INVOKING Brothers in Arms.
 21499 | Lair:5   | 21499 ||| SWAPPING to +2 morningstar of holy wrath.
 21501 | Lair:5   | 21501 ||| INVOKING Brothers in Arms.
 21502 | Lair:5   | 21502 ||| Stepping ~*~*~tactically~*~*~ (hiding).
 21503 | Lair:5   | 21503 ||| INVOKING Brothers in Arms.
 21504 | Lair:5   | 21504 ||| INVOKING Berserk.
 21519 | Lair:5   | 21519 ||| SWAPPING to +0 broad axe.
 21542 | Lair:5   | Reached XP level 14. HP: 58/140 MP: 13/13
 21790 | Lair:5   | 21790 ||| Stepping ~*~*~tactically~*~*~ (hiding).
 21821 | Lair:5   | 21821 ||| Stepping ~*~*~tactically~*~*~ (stealth).
 21823 | Lair:5   | 21823 ||| Stepping ~*~*~tactically~*~*~ (stealth).
 21889 | Lair:5   | 21889 ||| INVOKING Berserk.
 22021 | Lair:5   | 22021 ||| Stepping ~*~*~tactically~*~*~ (stealth).
 22037 | Lair:5   | 22037 ||| Stepping ~*~*~tactically~*~*~ (stealth).
 22039 | Lair:5   | 22039 ||| Stepping ~*~*~tactically~*~*~ (stealth).
 22043 | Lair:5   | 22043 ||| Stepping ~*~*~tactically~*~*~ (stealth).
 22044 | Lair:5   | 22044 ||| Stepping ~*~*~tactically~*~*~ (stealth).
 22054 | Lair:5   | 22054 ||| INVOKING Berserk.
 22360 | Lair:5   | 22360 ||| PLANNING D:1-11
 22360 | Lair:5   | 22360 ||| DROPPING scarf of harm.
 22361 | Lair:5   | 22361 ||| UPGRADING to +0 kite shield.
 22366 | Lair:5   | 22366 ||| DROPPING ring of flight.
 22367 | Lair:5   | 22367 ||| DROPPING +6 ring of strength.
 22368 | Lair:5   | 22368 ||| READING 8 scrolls of identify.
 22368 | Lair:5   | 22368 ||| IDENTIFYING murky purple potion
 22369 | Lair:5   | 22369 ||| DROPPING potion of flight.
 22457 | Lair:1   | 22457 ||| Stepping ~*~*~tactically~*~*~ (stealth).
 22536 | D:10     | Entered Level 10 of the Dungeon
 22537 | D:10     | 22537 ||| STAIRDANCE
 22544 | D:10     | 22544 ||| STAIRDANCE
 22551 | D:9      | Reached skill level 1 in Shields
 22602 | D:10     | 22602 ||| STAIRDANCE
 22611 | D:9      | Reached skill level 2 in Shields
 22668 | D:10     | 22668 ||| STAIRDANCE
 22860 | D:10     | Found a transporter.
 22881 | D:10     | Found a transporter.
 22889 | D:10     | 22889 ||| Stepping ~*~*~tactically~*~*~ (stealth).
 22891 | D:10     | 22891 ||| Stepping ~*~*~tactically~*~*~ (stealth).
 22921 | D:10     | Reached skill level 3 in Shields
 22984 | D:10     | Found a transporter.
 23039 | D:10     | Found Riheuq's Distillery.
 23141 | D:10     | 23141 ||| Stepping ~*~*~tactically~*~*~ (stealth).
 23142 | D:10     | 23142 ||| Stepping ~*~*~tactically~*~*~ (stealth).
 23186 | D:10     | Identified the +0 whip of Valiance {venom, rPois Int+5}
 23333 | D:10     | Reached skill level 4 in Shields
 23551 | D:10     | Found a hazy altar of Hepliaklqana.
 23557 | D:10     | 23557 ||| DROPPING +2 pair of boots.
 23558 | D:10     | 23558 ||| READING scroll labelled YTOWNIVEUR.
 23558 | D:10     | Identified a scroll of acquirement
 23558 | D:10     | 23558 ||| ACQUIRING ring "Jaoqakkut" {*Corrode rPois rF+
                  | Str+2 Int+2}
 23558 | D:10     | Acquired the ring "Jaoqakkut" {*Corrode rPois rF+ Str+2
                  | Int+2}
 23560 | D:10     | 23560 ||| UPGRADING to ring "Jaoqakkut" {*Corrode rPois rF+
                  | Str+2 Int+2}.
 23562 | D:10     | 23562 ||| READING scroll labelled FUUCOY RAOMABB.
 23659 | D:11     | Reached ***** piety under Trog
 23661 | D:11     | 23661 ||| FLEEEEING.
 23692 | D:11     | Found Mujo's Jewellery Shoppe.
 23774 | D:11     | Reached skill level 5 in Shields
 23971 | D:11     | 23971 ||| Stepping ~*~*~tactically~*~*~ (hiding).
 23972 | D:11     | 23972 ||| Stepping ~*~*~tactically~*~*~ (hiding).
 24141 | D:11     | 24141 ||| INVOKING Brothers in Arms.
 24144 | D:11     | 24144 ||| INVOKING Berserk.
 24430 | D:11     | 24430 ||| PLANNING D
 24451 | D:12     | Found a portal to a secret trove of treasure.
 24467 | D:12     | Reached skill level 6 in Shields
 24556 | D:12     | Reached skill level 7 in Shields
 24561 | D:12     | 24561 ||| Stepping ~*~*~tactically~*~*~ (stealth).
 24562 | D:12     | 24562 ||| Stepping ~*~*~tactically~*~*~ (stealth).
 24661 | D:12     | 24661 ||| FLEEEEING.
 24662 | D:12     | 24662 ||| FLEEEEING.
 24666 | D:12     | 24666 ||| FLEEEEING.
 24667 | D:12     | 24667 ||| FLEEEEING.
 24671 | D:12     | 24671 ||| FLEEEEING.
 24761 | D:12     | 24761 ||| Stepping ~*~*~tactically~*~*~ (stealth).
 24762 | D:12     | 24762 ||| Stepping ~*~*~tactically~*~*~ (stealth).
 24766 | D:12     | 24766 ||| Stepping ~*~*~tactically~*~*~ (stealth).
 24778 | D:12     | 24778 ||| READING scroll of enchant weapon.
 24778 | D:12     | 24778 ||| ENCHANTING +0 broad axe.
 24780 | D:12     | 24780 ||| Stepping ~*~*~tactically~*~*~ (hiding).
 24925 | D:12     | 24925 ||| READING scroll of enchant armour.
 24925 | D:12     | 24925 ||| ENCHANTING +0 cloak.
 25203 | D:12     | 25203 ||| READING scroll of enchant weapon.
 25203 | D:12     | 25203 ||| ENCHANTING +1 broad axe.
 25356 | D:12     | 25356 ||| Stepping ~*~*~tactically~*~*~ (hiding).
 25362 | D:12     | 25362 ||| DRINKING potion of cancellation.
 25553 | D:13     | 25553 ||| STAIRDANCE
 25555 | D:12     | 25555 ||| INVOKING Brothers in Arms.
 25556 | D:12     | 25556 ||| SWAPPING to +2 morningstar of holy wrath.
 25557 | D:12     | 25557 ||| INVOKING Berserk.
 25630 | D:12     | 25630 ||| SWAPPING to +2 broad axe.
 25633 | D:13     | 25633 ||| STAIRDANCE
 25768 | D:13     | 25768 ||| Stepping ~*~*~tactically~*~*~ (stealth).
 25770 | D:13     | 25770 ||| INVOKING Brothers in Arms.
 25771 | D:13     | 25771 ||| INVOKING Brothers in Arms.
 25772 | D:13     | 25772 ||| SWAPPING to +2 morningstar of holy wrath.
 25773 | D:13     | 25773 ||| INVOKING Berserk.
 25776 | D:13     | Reached skill level 8 in Shields
 25783 | D:13     | 25783 ||| SWAPPING to +2 broad axe.
 25790 | D:13     | Noticed Kirke
 25791 | D:13     | 25791 ||| INVOKING Trog's Hand.
 25795 | D:13     | Killed Kirke
 25932 | D:13     | Reached skill level 9 in Shields
 25955 | D:13     | Noticed Rupert
 25956 | D:13     | 25956 ||| INVOKING Trog's Hand.
 25961 | D:13     | 25961 ||| INVOKING Berserk.
 25974 | D:13     | Killed Rupert
 26145 | D:13     | 26145 ||| Stepping ~*~*~tactically~*~*~ (hiding).
 26149 | D:13     | 26149 ||| INVOKING Berserk.
 26153 | D:13     | Reached skill level 10 in Shields
 26363 | D:13     | 26363 ||| READING scroll of enchant weapon.
 26363 | D:13     | 26363 ||| ENCHANTING +2 broad axe.
 26406 | D:13     | Reached skill level 11 in Shields
 26510 | D:13     | 26510 ||| Stepping ~*~*~tactically~*~*~ (hiding).
 26511 | D:13     | 26511 ||| Stepping ~*~*~tactically~*~*~ (hiding).
 26512 | D:13     | 26512 ||| Stepping ~*~*~tactically~*~*~ (hiding).
 26513 | D:13     | 26513 ||| Stepping ~*~*~tactically~*~*~ (hiding).
 26558 | D:13     | 26558 ||| Stepping ~*~*~tactically~*~*~ (stealth).
 26942 | D:13     | Found a gate to the Vaults.
 26942 | D:13     | Noticed an ironbound preserver
 26961 | D:13     | Killed an ironbound preserver
 26962 | D:13     | Reached skill level 18 in Axes
 27300 | D:14     | 27300 ||| STAIRDANCE
 27349 | D:14     | 27349 ||| STAIRDANCE
 27461 | D:14     | Reached skill level 12 in Shields
 27511 | D:14     | 27511 ||| INVOKING Trog's Hand.
 27512 | D:14     | 27512 ||| INVOKING Brothers in Arms.
 27514 | D:14     | 27514 ||| SWAPPING to +2 morningstar of holy wrath.
 27515 | D:14     | 27515 ||| INVOKING Berserk.
 27519 | D:14     | Reached XP level 15. HP: 147/147 MP: 14/14
 27600 | D:14     | 27600 ||| SWAPPING to +3 broad axe.
 27692 | D:14     | Reached skill level 13 in Shields
 27701 | D:14     | 27701 ||| INVOKING Berserk.
 28021 | D:14     | 28021 ||| READING scroll of enchant weapon.
 28021 | D:14     | 28021 ||| ENCHANTING +3 broad axe.
 28042 | D:14     | 28042 ||| SWAPPING to +2 morningstar of holy wrath.
 28043 | D:14     | 28043 ||| INVOKING Berserk.
 28058 | D:14     | 28058 ||| FLEEEEING.
 28059 | D:14     | 28059 ||| FLEEEEING.
 28060 | D:14     | 28060 ||| FLEEEEING.
 28061 | D:14     | 28061 ||| SWAPPING to +4 broad axe.
 28073 | D:14     | 28073 ||| FLEEEEING.
 28192 | D:14     | 28192 ||| Stepping ~*~*~tactically~*~*~ (hiding).
 28193 | D:14     | 28193 ||| Stepping ~*~*~tactically~*~*~ (hiding).
 28194 | D:14     | 28194 ||| Stepping ~*~*~tactically~*~*~ (hiding).
 28266 | D:15     | Entered Level 15 of the Dungeon
 28272 | D:15     | 28272 ||| Stepping ~*~*~tactically~*~*~ (hiding).
 28294 | D:15     | 28294 ||| Stepping ~*~*~tactically~*~*~ (hiding).
 28405 | D:15     | 28405 ||| Stepping ~*~*~tactically~*~*~ (stealth).
 28474 | D:15     | Reached skill level 14 in Shields
 28526 | D:15     | 28526 ||| Stepping ~*~*~tactically~*~*~ (hiding).
 28534 | D:15     | 28534 ||| Stepping ~*~*~tactically~*~*~ (hiding).
 28586 | D:15     | 28586 ||| Stepping ~*~*~tactically~*~*~ (hiding).
 28617 | D:15     | Noticed Azrael
 28618 | D:15     | 28618 ||| Stepping ~*~*~tactically~*~*~ (stealth).
 28619 | D:15     | 28619 ||| Stepping ~*~*~tactically~*~*~ (stealth).
 28621 | D:15     | 28621 ||| INVOKING Berserk.
 28626 | D:15     | Killed Azrael
 28634 | D:15     | Found a glowing golden altar of the Shining One.
 28884 | D:15     | 28884 ||| Stepping ~*~*~tactically~*~*~ (hiding).
 28971 | D:15     | 28971 ||| Stepping ~*~*~tactically~*~*~ (stealth).
 28974 | D:15     | 28974 ||| INVOKING Berserk.
 29049 | D:15     | 29049 ||| INVOKING Berserk.
 29057 | D:15     | Reached skill level 15 in Shields
 29058 | D:15     | Found a staircase to the Depths.
 29104 | D:15     | HP: 28/147 [snapping turtle (shapeshifter) (15)]
 29105 | D:15     | 29105 ||| READING 7 scrolls of teleportation.
 29106 | D:15     | 29106 ||| DRINKING 4 potions of heal wounds.
 29395 | D:15     | 29395 ||| Stepping ~*~*~tactically~*~*~ (hiding).
 29599 | D:15     | 29599 ||| Stepping ~*~*~tactically~*~*~ (hiding).
 29873 | D:14     | Reached skill level 16 in Shields
 30164 | D:14     | 30164 ||| PLANNING ORC
 30255 | Orc:1    | Entered Level 1 of the Orcish Mines
 30609 | Orc:2    | Entered Level 2 of the Orcish Mines
 30610 | Orc:2    | 30610 ||| STAIRDANCE
 30615 | Orc:2    | 30615 ||| STAIRDANCE
 30642 | Orc:2    | Found a staircase to the Elven Halls.
 30653 | Orc:2    | Noticed Nessos
 30654 | Orc:2    | 30654 ||| Stepping ~*~*~tactically~*~*~ (hiding).
 30655 | Orc:2    | 30655 ||| Stepping ~*~*~tactically~*~*~ (hiding).
 30657 | Orc:2    | 30657 ||| Stepping ~*~*~tactically~*~*~ (hiding).
 30658 | Orc:2    | 30658 ||| Stepping ~*~*~tactically~*~*~ (hiding).
 30660 | Orc:2    | 30660 ||| INVOKING Brothers in Arms.
 30666 | Orc:2    | Killed Nessos
 30667 | Orc:2    | Reached skill level 1 in Throwing
 30673 | Orc:2    | 30673 ||| INVOKING Trog's Hand.
 30677 | Orc:2    | 30677 ||| INVOKING Berserk.
 30830 | Orc:2    | 30830 ||| Stepping ~*~*~tactically~*~*~ (stealth).
 30839 | Orc:2    | 30839 ||| DRINKING 10 potions of curing.
 30839 | Orc:2    | 30839 ||| (to cure confusion)
 30851 | Orc:2    | 30851 ||| FLEEEEING.
 30852 | Orc:2    | 30852 ||| FLEEEEING.
 30854 | Orc:2    | 30854 ||| FLEEEEING.
 30862 | Orc:2    | 30862 ||| FLEEEEING.
 30863 | Orc:2    | 30863 ||| FLEEEEING.
 30864 | Orc:2    | 30864 ||| FLEEEEING.
 30865 | Orc:2    | 30865 ||| FLEEEEING.
 30866 | Orc:2    | 30866 ||| STAIRDANCE
 30910 | Orc:2    | 30910 ||| STAIRDANCE
 30912 | Orc:1    | 30912 ||| INVOKING Berserk.
 31061 | Orc:2    | 31061 ||| Stepping ~*~*~tactically~*~*~ (hiding).
 31218 | Orc:2    | 31218 ||| Stepping ~*~*~tactically~*~*~ (stealth).
 31220 | Orc:2    | 31220 ||| Stepping ~*~*~tactically~*~*~ (hiding).
 31226 | Orc:2    | 31226 ||| INVOKING Berserk.
 31241 | Orc:2    | 31241 ||| Stepping ~*~*~tactically~*~*~ (stealth).
 31288 | Orc:2    | 31288 ||| Stepping ~*~*~tactically~*~*~ (stealth).
 31298 | Orc:2    | Reached skill level 3 in Throwing
 31311 | Orc:2    | 31311 ||| Stepping ~*~*~tactically~*~*~ (hiding).
 31314 | Orc:2    | 31314 ||| INVOKING Trog's Hand.
 31320 | Orc:2    | 31320 ||| INVOKING Berserk.
 31529 | Orc:2    | Found Makudoid's Assorted Antiques.
 31529 | Orc:2    | Found Dullic's Distillery.
 31531 | Orc:2    | Found Unueceza's Armour Shop.
 31531 | Orc:2    | Found Dacon's Weapon Shoppe.
 31537 | Orc:2    | 31537 ||| BUYING potion of haste (360 gold).
 31537 | Orc:2    | Bought a potion of haste for 360 gold pieces
 31539 | Orc:2    | 31539 ||| BUYING +1 pair of gloves of the Wasteland {+Blink
                  | rCorr Int-4 Dex+9} (554 gold).
 31539 | Orc:2    | Bought the +1 pair of gloves of the Wasteland {+Blink rCorr
                  | Int-4 Dex+9} for 554 gold pieces
 31542 | Orc:2    | 31542 ||| BUYING 2 potions of curing (72 gold).
 31542 | Orc:2    | Bought 2 potions of curing for 72 gold pieces
 31542 | Orc:2    | 31542 ||| BUYING potion of haste (120 gold).
 31542 | Orc:2    | Bought a potion of haste for 120 gold pieces
 31542 | Orc:2    | 31542 ||| BUYING potion of might (48 gold).
 31542 | Orc:2    | Bought a potion of might for 48 gold pieces
 31542 | Orc:2    | 31542 ||| BUYING potion of might (48 gold).
 31542 | Orc:2    | Bought a potion of might for 48 gold pieces
 31614 | Orc:2    | 31614 ||| PLANNING SNAKE:1-3
 31614 | Orc:2    | 31614 ||| UPGRADING to +1 pair of gloves of the Wasteland
                  | {+Blink rCorr Int-4 Dex+9}.
 31748 | Snake:1  | Entered Level 1 of the Snake Pit
 31756 | Snake:1  | 31756 ||| INVOKING Berserk.
 32119 | Snake:1  | 32119 ||| INVOKING Berserk.
 32243 | Snake:1  | 32243 ||| Stepping ~*~*~tactically~*~*~ (hiding).
 32243 | Snake:1  | Noticed a nagaraja
 32244 | Snake:1  | 32244 ||| Stepping ~*~*~tactically~*~*~ (hiding).
 32245 | Snake:1  | 32245 ||| Stepping ~*~*~tactically~*~*~ (hiding).
 32259 | Snake:1  | 32259 ||| INVOKING Berserk.
 32264 | Snake:1  | Killed a nagaraja
 32264 | Snake:1  | Received a gift from Trog
 32284 | Snake:1  | 32284 ||| Stepping ~*~*~tactically~*~*~ (stealth).
 32305 | Snake:1  | 32305 ||| INVOKING Brothers in Arms.
 32315 | Snake:1  | HP: 36/149 [constriction (2)]
 32316 | Snake:1  | 32316 ||| READING 8 scrolls of teleportation.
 32317 | Snake:1  | 32317 ||| DRINKING 3 potions of heal wounds.
 32425 | Snake:1  | 32425 ||| INVOKING Berserk.
 32533 | Snake:1  | 32533 ||| Stepping ~*~*~tactically~*~*~ (stealth).
 32738 | Snake:1  | Reached skill level 9 in Dodging
 32739 | Snake:1  | 32739 ||| Stepping ~*~*~tactically~*~*~ (hiding).
 32755 | Snake:1  | 32755 ||| Stepping ~*~*~tactically~*~*~ (stealth).
 32792 | Snake:1  | Reached XP level 16. HP: 148/157 MP: 15/15
 32818 | Snake:1  | 32818 ||| Stepping ~*~*~tactically~*~*~ (hiding).
 32882 | Snake:1  | 32882 ||| Stepping ~*~*~tactically~*~*~ (hiding).
 32900 | Snake:1  | 32900 ||| Stepping ~*~*~tactically~*~*~ (stealth).
 32950 | Snake:1  | 32950 ||| Stepping ~*~*~tactically~*~*~ (hiding).
 33240 | Snake:1  | 33240 ||| Stepping ~*~*~tactically~*~*~ (hiding).
 33256 | Snake:1  | 33256 ||| INVOKING Berserk.
 33638 | Snake:1  | 33638 ||| UPGRADING to +1 tower shield of reflection.
 33648 | Snake:1  | 33648 ||| DROPPING +0 kite shield.
 33734 | Snake:2  | 33734 ||| READING scroll of enchant weapon.
 33734 | Snake:2  | 33734 ||| ENCHANTING +4 broad axe.
 33814 | Snake:2  | 33814 ||| INVOKING Berserk.
 34105 | Snake:2  | 34105 ||| Stepping ~*~*~tactically~*~*~ (stealth).
 34278 | Snake:2  | 34278 ||| Stepping ~*~*~tactically~*~*~ (hiding).
 34298 | Snake:2  | 34298 ||| Stepping ~*~*~tactically~*~*~ (hiding).
 34303 | Snake:2  | 34303 ||| INVOKING Berserk.
 34512 | Snake:2  | Reached skill level 17 in Shields
 34796 | Snake:2  | 34796 ||| INVOKING Berserk.
 34842 | Snake:2  | 34842 ||| Stepping ~*~*~tactically~*~*~ (hiding).
 34846 | Snake:2  | 34846 ||| Stepping ~*~*~tactically~*~*~ (hiding).
 34851 | Snake:2  | 34851 ||| INVOKING Berserk.
 34959 | Snake:2  | 34959 ||| Stepping ~*~*~tactically~*~*~ (hiding).
 34972 | Snake:2  | 34972 ||| INVOKING Berserk.
 35115 | Snake:2  | Found Noug's Weapon Boutique.
 35554 | Snake:3  | 35554 ||| PLANNING BAZAAR
 35586 | Snake:3  | 35586 ||| Stepping ~*~*~tactically~*~*~ (stealth).
 35588 | Snake:3  | 35588 ||| Stepping ~*~*~tactically~*~*~ (stealth).
 35590 | Snake:3  | 35590 ||| Stepping ~*~*~tactically~*~*~ (hiding).
 35695 | Snake:3  | 35695 ||| Stepping ~*~*~tactically~*~*~ (hiding).
 35698 | Snake:3  | 35698 ||| Stepping ~*~*~tactically~*~*~ (hiding).
 35701 | Snake:3  | 35701 ||| INVOKING Berserk.
 35709 | Snake:3  | Reached skill level 18 in Shields
 35768 | Snake:3  | 35768 ||| INVOKING Berserk.
 35897 | Snake:3  | 35897 ||| Stepping ~*~*~tactically~*~*~ (stealth).
 35929 | Snake:3  | 35929 ||| Stepping ~*~*~tactically~*~*~ (hiding).
 36289 | Snake:3  | Found a flickering gateway to a bazaar.
 36303 | Snake:3  | Received a gift from Trog
 36438 | Bazaar   | Entered a bazaar
 36440 | Bazaar   | Found Zixog's Antique Weapon Boutique.
 36444 | Bazaar   | Found Dum Zov's Assorted Antiques.
 36444 | Bazaar   | Found Miefir's Armour Boutique.
 36445 | Bazaar   | Found Hejerghya's General Store.
 36450 | Bazaar   | 36450 ||| BUYING potion of curing (48 gold).
 36450 | Bazaar   | Bought a potion of curing for 48 gold pieces
 36455 | Bazaar   | 36455 ||| BUYING runed war axe (149 gold).
 36455 | Bazaar   | Bought a runed war axe for 149 gold pieces
 36455 | Bazaar   | 36455 ||| DROPPING +2 morningstar of holy wrath.
 36461 | Bazaar   | 36461 ||| BUYING +2 plate armour of poison resistance (518
                  | gold).
 36461 | Bazaar   | Bought a +2 plate armour of poison resistance for 518 gold
                  | pieces
 36469 | Bazaar   | 36469 ||| UPGRADING to +2 plate armour of poison
                  | resistance.
 36479 | Bazaar   | 36479 ||| DROPPING +2 scale mail of Buisigo {*Slow rPois
                  | rF++ MP+9}.
 36480 | Bazaar   | 36480 ||| DROPPING +0 plate armour.
 36485 | Snake:3  | 36485 ||| PLANNING SNAKE:1-3
 36487 | Snake:3  | 36487 ||| INVOKING Berserk.
 36603 | Snake:3  | 36603 ||| DROPPING +4 vorpal war axe.
 36674 | Snake:3  | 36674 ||| Stepping ~*~*~tactically~*~*~ (stealth).
 36676 | Snake:3  | 36676 ||| Stepping ~*~*~tactically~*~*~ (stealth).
 36686 | Snake:3  | Identified the +9 battleaxe "Roothyl" {venom, Fly rPois
                  | rCorr Str-5}
 36687 | Snake:3  | 36687 ||| Stepping ~*~*~tactically~*~*~ (stealth).
 36689 | Snake:3  | 36689 ||| READING 8 scrolls of teleportation.
 36693 | Snake:3  | 36693 ||| Stepping ~*~*~tactically~*~*~ (stealth).
 36736 | Snake:3  | 36736 ||| Stepping ~*~*~tactically~*~*~ (hiding).
 36737 | Snake:3  | 36737 ||| Stepping ~*~*~tactically~*~*~ (hiding).
 36741 | Snake:3  | 36741 ||| INVOKING Berserk.
 36749 | Snake:3  | Reached skill level 19 in Shields
 36891 | Snake:3  | 36891 ||| READING 7 scrolls of teleportation.
 36903 | Snake:3  | 36903 ||| Stepping ~*~*~tactically~*~*~ (hiding).
 37147 | Snake:3  | 37147 ||| READING 6 scrolls of teleportation.
 37162 | Snake:3  | 37162 ||| Stepping ~*~*~tactically~*~*~ (stealth).
 37169 | Snake:3  | 37169 ||| READING 5 scrolls of teleportation.
 37221 | Snake:3  | Identified the +12 chain mail "Fele" {rN+ Slay+2 Stlth+}
 37243 | Snake:3  | 37243 ||| UPGRADING to +12 chain mail "Fele" {rN+ Slay+2
                  | Stlth+}.
 37248 | Snake:3  | 37248 ||| UPGRADING to +2 plate armour of poison
                  | resistance.
 37253 | Snake:3  | 37253 ||| UPGRADING to +12 chain mail "Fele" {rN+ Slay+2
                  | Stlth+}.
 37263 | Snake:3  | 37263 ||| DROPPING +2 plate armour of poison resistance.
 37264 | Snake:3  | 37264 ||| READING 4 scrolls of teleportation.
 37278 | Snake:3  | 37278 ||| Stepping ~*~*~tactically~*~*~ (hiding).
 37282 | Snake:3  | 37282 ||| Stepping ~*~*~tactically~*~*~ (hiding).
 37286 | Snake:3  | 37286 ||| INVOKING Berserk.
 37298 | Snake:3  | 37298 ||| INVOKING Brothers in Arms.
 37299 | Snake:3  | 37299 ||| INVOKING Brothers in Arms.
 37422 | Snake:3  | 37422 ||| Stepping ~*~*~tactically~*~*~ (hiding).
 37621 | Snake:3  | 37621 ||| Stepping ~*~*~tactically~*~*~ (stealth).
 37625 | Snake:3  | 37625 ||| Stepping ~*~*~tactically~*~*~ (stealth).
 37709 | Snake:3  | 37709 ||| PLANNING SWAMP:1-3
 37861 | Swamp:1  | Entered Level 1 of the Swamp
 37904 | Swamp:1  | 37904 ||| INVOKING Berserk.
 37994 | Swamp:1  | 37994 ||| Stepping randomly (cloudy).
 38015 | Swamp:1  | 38015 ||| Stepping ~*~*~tactically~*~*~ (water).
 38024 | Swamp:1  | 38024 ||| Stepping ~*~*~tactically~*~*~ (stealth).
 38026 | Swamp:1  | 38026 ||| Stepping ~*~*~tactically~*~*~ (stealth).
 38030 | Swamp:1  | 38030 ||| Stepping ~*~*~tactically~*~*~ (hiding).
 38119 | Swamp:1  | 38119 ||| INVOKING Berserk.
 38268 | Swamp:1  | 38268 ||| Stepping ~*~*~tactically~*~*~ (water).
 38436 | Swamp:1  | Reached skill level 12 in Dodging
 38436 | Swamp:1  | Reached XP level 17. HP: 161/162 MP: 16/16
 38440 | Swamp:1  | 38440 ||| INVOKING Berserk.
 38556 | Swamp:1  | 38556 ||| SWAPPING to +1 war axe of flaming.
 38565 | Swamp:1  | 38565 ||| Stepping ~*~*~tactically~*~*~ (water).
 38568 | Swamp:1  | 38568 ||| SWAPPING to +5 broad axe.
 38674 | Swamp:1  | Noticed Donald
 38680 | Swamp:1  | 38680 ||| INVOKING Berserk.
 38691 | Swamp:1  | Killed Donald
 38770 | Swamp:1  | 38770 ||| SWAPPING to +1 war axe of flaming.
 38777 | Swamp:1  | 38777 ||| INVOKING Berserk.
 38779 | Swamp:1  | Reached skill level 18 in Fighting
 38789 | Swamp:1  | 38789 ||| SWAPPING to +5 broad axe.
 39104 | Swamp:2  | 39104 ||| Stepping ~*~*~tactically~*~*~ (hiding).
 39124 | Swamp:2  | 39124 ||| READING scroll of enchant weapon.
 39124 | Swamp:2  | 39124 ||| ENCHANTING +5 broad axe.
 39134 | Swamp:2  | Noticed Mlioglotl
 39135 | Swamp:2  | 39135 ||| INVOKING Brothers in Arms.
 39136 | Swamp:2  | 39136 ||| INVOKING Brothers in Arms.
 39137 | Swamp:2  | 39137 ||| INVOKING Berserk.
 39148 | Swamp:2  | Killed Mlioglotl
 39160 | Swamp:2  | Reached skill level 20 in Shields
 39163 | Swamp:2  | 39163 ||| SWAPPING to +1 war axe of flaming.
 39164 | Swamp:2  | HP: 40/163 [goliath frog[a spriggan druid] (2)]
 39165 | Swamp:2  | 39165 ||| READING 3 scrolls of teleportation.
 39165 | Swamp:2  | HP: 19/163 [eight-headed hydra[a spriggan druid] (15)]
 39165 | Swamp:2  | HP: 3/163 [eight-headed hydra[a spriggan druid] (16)]
 39165 | Swamp:2  | Slain by an eight-headed hydra

Levels and vault maps discovered:
D:1:      co_arrival_random_square_maze, layout_basic, basic_ecumenical_altar,
          minmay_distorted
D:2:      minmay_general_purpose_star, layout_basic, uniq_natasha
D:3:      layout_loops_corners, serial_co_window_serial,
          co_window_of_opportunity_a, co_window_cross_1, co_window_corner_a,
          co_window_paths_a, co_window_cross_1, co_window_2corner,
          co_window_corner_b, co_window_unsneaky_path_e, co_window_corner_b,
          co_window_of_opportunity_b, co_window_unsneaky_path_a,
          co_window_paths_e, glass_columns_b, glass_columns_c, glass_columns_a,
          glass_columns_a, glass_columns_b, serial_shops, shop
D:4:      layout_loops_cross, minmay_temple_entry_crystal_x, serial_shops,
          nicolae_lakefront_shop, shop, shop
D:5:      layout_rooms, nicolae_overflow_hidden_temple,
          mainiacjoe_overflow_brackets, nicolae_ossuary_entry_catacombs,
          uniq_pikel
D:6:      layout_basic, serial_shops, nicolae_square_shop, shop_fountains,
          nicolae_shop_bloodbath_and_beyond, shop
D:7:      layout_loops_ring, xom_teletrap_fun, kennysheep_cluttered_room,
          nicolae_shop_overcharged_wands, uniq_menkaure
D:8:      layout_basic, grunt_temple_overflow_order_and_chaos_2,
          mainiacjoe_overflow_small_starburst,
          nicolae_wu_jian_immortal_techniques, enter_bailey_5,
          kennysheep_small_spiral, uniq_maurice
D:9:      layout_basic, lemuel_round_altar, overflow_temple_1_default,
          erik_lair_orcish_takeover, orc_0_dummy, uniq_maggie, uniq_grum
D:10:     layout_irregular_city, worldfamousw_hep_ancestral_shrine,
          serial_glass, glass_columns_c, glass_columns_a, glass_columns_a,
          glass_columns_a, item_on_display_a, feat_on_display,
          item_on_display_a, item_on_display_b, serial_shops, shop_coins,
          nicolae_diode_intersection
D:11:     layout_loops_ring, minmay_shop_enchanted_jewellery, bh_circular_ruins
D:12:     layout_loops_ring, enter_trove_1
D:13:     layout_rooms, skrybe_vaults_entry_preservation, due_unseen_surprise,
          uniq_kirke, uniq_rupert
D:14:     kennysheep_bubbly, layout_gridville
D:15:     gammafunk_depths_entry_grave, layout_loops_ring, tso_altar,
          uniq_azrael
Lair:1:   layout_concentric_octagons, serial_bayou_shore_b
Lair:2:   layout_loops_ring, palyth_hydra_swamp_entry,
          minmay_snake_entry_guardpost_large, st_stairs_6, lemuel_oklob_altar
Lair:3:   layout_loops_ring, nicolae_volcano_entry_vermiform,
          serial_bayou_shore_a
Lair:4:   layout_gridlike, minmay_slime_entry_jelly_boxes, uniq_josephine
Lair:5:   hangedman_lair_caniforms_friends, layout_hall_layers,
          hangedman_lair_tendril_chambers
Swamp:1:  layout_basic_swamp, evilmike_swamp_ruin_house_2,
          nzn_swamp_blast_mining, uniq_donald
Swamp:2:  layout_falls_marsh, evilmike_swamp_ruin_house_3, uniq_mlioglotl
Snake:1:  nicolae_snake_hallway, layout_basic, drop_trap
Snake:2:  layout_chambers, serial_shops, nicolae_square_shop, grunt_megastairs_2
Snake:3:  layout_chambers, serial_shops, bzr_entry_customers,
          hangedman_venom_bottle, serial_bayou_shore_b, serial_bayou_shore_b,
          grunt_megastairs_5
Orc:1:    layout_caves
Orc:2:    grunt_orc_tribal_feast, layout_caves, uniq_nessos

Skill      XL: |  1  2  3  4  5  6  7  8  9 10 11 12 13 14 15 16 17 |
---------------+----------------------------------------------------+-----
Axes           | 4 5 6 8 9 12 14 16 17 18 | 18.0
Fighting       | 4 5 6 8 10 13 15 17 18 | 18.0
Armour         | 6 8 11 14 15 | 15.0
Dodging        | 3 4 6 7 9 12 | 12.0
Shields        | 12 16 19 20 | 20.0
Throwing       | 4 |  4.1

Action                   |  1- 3 |  4- 6 |  7- 9 | 10-12 | 13-15 | 16-18 || total
-------------------------+-------+-------+-------+-------+-------+-------++-------
Melee: Hand axe          |    71 |   138 |   258 |    46 |       |       ||   513
       Headbutt          |     6 |    19 |    50 |    93 |   233 |   119 ||   520
       Punch             |     1 |     1 |     4 |     6 |     1 |       ||    13
       War axe           |       |       |       |   400 |   161 |    18 ||   579
       Morningstar       |       |       |       |    19 |    35 |       ||    54
       Broad axe         |       |       |       |       |   897 |   478 ||  1375
Throw: Boomerang         |       |       |       |       |    16 |    38 ||    54
Invok: Berserk           |     1 |     4 |     7 |    24 |    31 |    17 ||    84
       Brothers in Arms  |       |       |       |     3 |    10 |     2 ||    15
       Trog's Hand       |       |       |       |       |     5 |       ||     5
  Use: Scroll            |     9 |     4 |    11 |     3 |    11 |     8 ||    46
       Potion            |     1 |     2 |     1 |     3 |     4 |       ||    11
Armor: Animal skin       |    12 |       |       |       |       |       ||    12
       Leather armour    |       |     8 |       |       |       |       ||     8
       Chain mail        |       |    40 |    82 |    38 |       |   106 ||   266
       Plate armour      |       |       |       |   155 |   528 |    34 ||   717
Dodge: Dodged            |    42 |    43 |    65 |   135 |   313 |   141 ||   739
Block: Other             |       |    25 |    41 |    66 |    85 |       ||   217
       Reflection        |       |     3 |       |     1 |    52 |    60 ||   116
       Kite shield       |       |       |       |       |   604 |    49 ||   653
       Tower shield      |       |       |       |       |       |   558 ||   558

Table legend:
 A = Non-vault XP
 B = Vault XP
 C = Vault XP percentage of total XP
 D = Non-vault monster count
 E = Vault monster count
 F = Vault count percentage of total count
                 A         B        C        D         E       F
            +---------+---------+-------+---------+---------+-------
      Total |  145697 |   85211 |  36.9 |     554 |     274 |  33.1
            +---------+---------+-------+---------+---------+-------
        D:1 |      40 |       7 |  14.9 |      24 |       3 |  11.1
        D:2 |     101 |      42 |  29.4 |      13 |       4 |  23.5
        D:3 |      34 |       0 |   0.0 |      15 |       0 |   0.0
        D:4 |     152 |       0 |   0.0 |      22 |       0 |   0.0
        D:5 |     642 |     802 |  55.5 |      11 |       7 |  38.9
        D:6 |     608 |       0 |   0.0 |      10 |       0 |   0.0
        D:7 |    1938 |     172 |   8.2 |      20 |       1 |   4.8
        D:8 |     427 |     488 |  53.3 |       7 |       5 |  41.7
        D:9 |    4633 |    1565 |  25.3 |      29 |      13 |  31.0
       D:10 |    3404 |       0 |   0.0 |      22 |       0 |   0.0
       D:11 |    2108 |      22 |   1.0 |      14 |       1 |   6.7
       D:12 |    4379 |       0 |   0.0 |      14 |       0 |   0.0
       D:13 |   10434 |    9236 |  47.0 |      24 |      16 |  40.0
       D:14 |   10770 |    7314 |  40.4 |      27 |      12 |  30.8
       D:15 |    8075 |    7615 |  48.5 |      20 |      17 |  45.9
     Lair:1 |    8345 |       0 |   0.0 |      41 |       0 |   0.0
     Lair:2 |    5769 |    3591 |  38.4 |      24 |      10 |  29.4
     Lair:3 |    5551 |     706 |  11.3 |      21 |       1 |   4.5
     Lair:4 |    4300 |    2067 |  32.5 |      21 |      17 |  44.7
     Lair:5 |    6989 |   19356 |  73.5 |      18 |      88 |  83.0
    Swamp:1 |   15443 |    1457 |   8.6 |      27 |       2 |   6.9
    Swamp:2 |    5353 |    1749 |  24.6 |      13 |       1 |   7.1
    Snake:1 |   10920 |    7225 |  39.8 |      29 |      16 |  35.6
    Snake:2 |   14576 |    4477 |  23.5 |      28 |       6 |  17.6
    Snake:3 |   19153 |    8999 |  32.0 |      37 |      23 |  38.3
      Orc:1 |     551 |     607 |  52.4 |      15 |       1 |   6.2
      Orc:2 |    1002 |    7714 |  88.5 |       8 |      30 |  78.9
            +---------+---------+-------+---------+---------+-------
